 Dungeon Crawl Stone Soup version 0.22.1-1-ga44c0e5 (webtiles) character file.

364 brandon the Magician (level 6, -2/35 HPs)
             Began as a Deep Elf Fire Elementalist on Oct 7, 2018.
             Slain by a wraith (12 damage)
             ... in an ossuary.
             The game lasted 00:07:46 (3836 turns).

brandon the Magician (Deep Elf Fire Elementalist)   Turns: 3836, Time: 00:07:47

Health: -2/35      AC:  2    Str:  5    XL:     6   Next: 39%
Magic:  8/15       EV: 13    Int: 22    God:
Gold:   144        SH:  0    Dex: 15    Spells: 4/14 levels left

rFire    . . .     SeeInvis .   e - +0 dagger (curse)
rCold    . . .     Gourm    .   (no shield)
rNeg     . . .     Faith    .   a - +0 robe
rPois    .         Spirit   .   (no helmet)
rElec    .         Reflect  .   (no cloak)
rCorr    .         Harm     .   (no gloves)
MR       .....                  (no boots)
Stlth    ++........             (no amulet)
HPRegen  0.11/turn              (no ring)
MPRegen  0.14/turn              (no ring)

@: berserk cooldown, very slightly contaminated, slowed, very slow
A: no striking features
a: no special abilities


You were in an ossuary.
You were not hungry.

You visited 1 branch of the dungeon, and saw 5 of its levels.
You also visited: Ossuary.

You collected 144 gold pieces.

Inventory:

Hand Weapons
 e - a cursed +0 dagger (weapon)
 j - a +1 vampiric dagger
Armour
 a - a +0 robe (worn)
Jewellery
 m - an uncursed ring of see invisible {unknown}
Scrolls
 b - 3 scrolls of teleportation
 d - a scroll of random uselessness {unknown}
 h - a scroll of fog
 l - a scroll of amnesia
 o - a scroll of enchant weapon {unknown}
Potions
 g - a potion of berserk rage
 k - 2 potions of curing {unknown}
 n - a potion of cancellation {unknown}
Comestibles
 c - 9 rations


   Skills:
 + Level 2.1 Fighting
 - Level 2.4 Dodging
 - Level 2.4 Stealth
 + Level 4.7 Spellcasting
 * Level 4.6 Conjurations
 + Level 4.5 Fire Magic


You had 4 spell levels left.
You knew the following spells:

 Your Spells              Type           Power        Failure   Level  Hunger
a - Flame Tongue          Conj/Fire      ####.        1%          1    None
b - Throw Flame           Conj/Fire      ####..       2%          2    None
c - Conjure Flame         Conj/Fire      ####....     4%          3    ##.....
d - Sticky Flame          Conj/Fire      ####....     16%         4    ####...

Your spell library contained the following spells:

 Spells                   Type           Power        Failure   Level  Hunger
 Animate Skeleton         Necr           N/A          11%         1    None
 Apportation              Tloc           #.....       11%         1    None
 Confusing Touch          Hex            #.....       11%         1    None
 Summon Small Mammal      Summ           #...         11%         1    None
 Inner Flame              Hex/Fire       ###.....     12%         3    ##.....
 Fireball                 Conj/Fire      ####......   41%         5    #####..


Dungeon Overview and Level Annotations

Branches:
Dungeon (5/15)             Temple (0/1) D:4

Altars:


Message History

You hit the wraith but do no damage.
The wraith is lightly damaged.
The wraith hits you.
* * * LOW HITPOINT WARNING * * *
The wraith drains your vigour!
You feel as though you will be slow longer.
Unknown command.
Casting: Sticky Flame (slightly dangerous; 16% risk of failure)
Confirm with . or Enter, or press ? or * to list all spells.
Aiming: Sticky Flame (slightly dangerous; 16% risk of failure)
Press: ? - help, Shift-Dir - straight line, f - wraith
Aim: a wraith (lightly damaged)
The sticky flame hits the wraith.
The wraith appears unharmed.
The wraith is lightly damaged.
The wraith hits you.
* * * LOW HITPOINT WARNING * * *
The wraith drains your vigour!
You feel as though you will be slow longer.
The wraith hits you!
You die...

.........^............
......................
#.#..#^#..#.#..#.#..
#. #'#..#'#..#
#!#..#.#..# #
..###..###..###..#
.....^.............
........W..........
########@''########
##...## ##.....##
###.......####
W#...∩^∩...#W#
####.......####
##.....## ##...##
#####


You could see a wraith.

Vanquished Creatures
  A wyvern skeleton (D:2)
  2 hounds
  A human zombie (Ossuary)
  2 orc wizards
  Natasha (D:3)
  7 adders
  An ooze (D:1)
  4 dart slugs
  2 worms (D:3)
  2 leopard geckos
  6 orcs
  4 giant cockroaches
  7 hobgoblins
  6 jackals
  4 kobolds
  2 quokkas
  2 ball pythons
  11 bats
  4 frilled lizards
  9 goblins
  2 goblin zombies (Ossuary)
  4 hobgoblin zombies (Ossuary)
  2 kobold zombies (Ossuary)
  4 rats
90 creatures vanquished.

Notes
Turn   | Place    | Note
-------+----------+-------------------------------------------
     0 | D:1      | brandon the Deep Elf Fire Elementalist began the quest for
                  | the Orb.
     0 | D:1      | Reached XP level 1. HP: 10/10 MP: 6/6
    72 | D:1      | Reached XP level 2. HP: 5/16 MP: 0/8
    79 | D:1      | Learned a level 2 spell: Throw Flame
   751 | D:1      | Reached XP level 3. HP: 20/20 MP: 6/9
   765 | D:1      | Learned a level 3 spell: Conjure Flame
   987 | D:2      | Reached skill level 1 in Fighting
   987 | D:2      | Reached XP level 4. HP: 25/25 MP: 2/11
  1359 | D:2      | Learned a level 4 spell: Sticky Flame
  1536 | D:2      | Reached XP level 5. HP: 29/29 MP: 5/13
  2950 | D:3      | Noticed Natasha
  2953 | D:3      | Killed Natasha
  2953 | D:3      | Reached XP level 6. HP: 35/35 MP: 9/14
  3147 | D:4      | Found a staircase to the Ecumenical Temple.
  3179 | D:5      | Entered Level 5 of the Dungeon
  3490 | D:5      | Found a sand-covered staircase.
  3566 | Ossuary  | Entered an ossuary
  3566 | Ossuary  | Noticed a wraith
  3566 | Ossuary  | Noticed a wraith
  3566 | Ossuary  | Noticed a wraith
  3821 | Ossuary  | Noticed a wraith
  3836 | Ossuary  | Slain by a wraith

Skill      XL: |  1  2  3  4  5 |
---------------+----------------+-----
Conjurations   | 2 3 4 |  4.6
Fighting       | 1 2 |  2.1
Spellcasting   | 4 |  4.7
Fire Magic     | 4 |  4.5
Dodging        | |  2.4
Stealth        | |  2.4

Action                   |  1- 3 |  4- 6 || total
-------------------------+-------+-------++-------
Melee: Unarmed           |     7 |       ||     7
       Dagger            |       |    18 ||    18
 Cast: Flame Tongue      |    32 |    82 ||   114
       Throw Flame       |    16 |    35 ||    51
       Sticky Flame      |       |     9 ||     9
  Use: Scroll            |     3 |     4 ||     7
       Potion            |       |     1 ||     1
  Eat: Chunk             |     1 |     7 ||     8
       Ration            |       |     1 ||     1
Armor: Robe              |     2 |    12 ||    14
Dodge: Dodged            |    11 |    31 ||    42
